[ AOE2 MATCH · #506829972 ]
UnrankedTupi vs Huns
Player's team · WIN
Rival team · LOSS
[ REPLAY ANALYSIS · EXTRACTED FROM THE RECORDED GAME ]
Feudal
10:34
Castle
24:35
Imperial
33:32
| APM avg | 55.3 |
| APM peak | 87 |
| eAPM avg | 30.2 |
| Villagers / military | 115 / 15 |
Focus
⚔️ 47.5% · 🌾 52.5%
Unknown (2550) ×164 · Unknown (2579) ×18 · Spearman ×9 · Trebuchet (Packed) ×5 · Monk ×1
Feudal
10:07
Castle
21:12
Imperial
37:50
| APM avg | 117.4 |
| APM peak | 187 |
| eAPM avg | 55.1 |
| Villagers / military | 163 / 125 |
Focus
⚔️ 74.1% · 🌾 25.9%
Cavalry Archer ×68 · Knight ×26 · Militia ×11 · Skirmisher ×8 · Monk ×6 · Tarkan ×4
Match map
Initial resources + every placement click. Lines = walls · curves = elevation contours. ◆ gold · ⬟ stone · ● berries · ✦ relic · ◌ wall gap
Your base· Open — 4t gap
NOC | Mati's base· Open — unwalled flank
Smoothed initial terrain · ◌ = detected wall gap · hover for details
Inputs per minute
— Lina - - NOC | Mati
Build order — Lina
First 150 of 489 actions detected
| 0:01 | Queue | Villager (Male) |
| 0:02 | Queue | Villager (Male) |
| 0:02 | Build | House |
| 0:04 | Build | House |
| 0:06 | Queue | Villager (Male) |
| 0:06 | Queue | Villager (Male) |
| 0:06 | Queue | Villager (Male) |
| 0:09 | Build | Barracks |
| 1:04 | Queue | Villager (Male) |
| 1:43 | Queue | Villager (Male) |
| 1:44 | Queue | Villager (Male) |
| 2:06 | Queue | Unit 2550 |
| 2:25 | Queue | Villager (Male) |
| 2:51 | Queue | Villager (Male) |
| 2:57 | Build | House |
| 3:02 | Queue | Unit 2550 |
| 3:23 | Queue | Villager (Male) |
| 3:45 | Queue | Villager (Male) |
| 3:46 | Queue | Villager (Male) |
| 3:59 | Queue | Villager (Male) |
| 4:24 | Build | House |
| 4:36 | Queue | Villager (Male) |
| 4:46 | Build | House |
| 5:03 | Queue | Villager (Male) |
| 5:06 | Queue | Villager (Male) |
| 5:30 | Queue | Villager (Male) |
| 5:34 | Queue | Villager (Male) |
| 6:02 | Queue | Villager (Male) |
| 6:20 | Queue | Villager (Male) |
| 6:30 | Build | Settlement |
| 6:33 | Queue | Villager (Male) |
| 6:39 | Build | House |
| 7:01 | Queue | Villager (Male) |
| 7:26 | Build | Outpost |
| 7:27 | Queue | Villager (Male) |
| 7:36 | Research | Loom |
| 8:00 | Research | Feudal Age |
| 8:44 | Build | Settlement |
| 8:59 | Queue | Unit 2550 |
| 9:15 | Queue | Villager (Male) |
| 9:19 | Queue | Unit 2550 |
| 9:44 | Build | Palisade Wall |
| 9:46 | Build | Palisade Wall |
| 9:52 | Queue | Unit 2550 |
| 10:05 | Build | Settlement |
| 10:19 | Queue | Unit 2550 |
| 10:34 | Age | Feudal Age |
| 10:34 | Research | Tech 1402 |
| 10:35 | Research | Tech 1402 |
| 10:37 | Queue | Villager (Male) |
| 10:47 | Queue | Villager (Male) |
| 10:57 | Queue | Unit 2550 |
| 11:06 | Research | Double-Bit Axe |
| 11:06 | Research | Double-Bit Axe |
| 11:34 | Queue | Unit 2550 |
| 11:36 | Build | Farm |
| 11:43 | Queue | Villager (Male) |
| 11:56 | Build | Farm |
| 12:05 | Queue | Unit 2550 |
| 12:18 | Build | Farm |
| 12:29 | Queue | Villager (Male) |
| 12:43 | Queue | Villager (Male) |
| 12:55 | Build | Watch Tower |
| 12:58 | Queue | Villager (Male) |
| 13:22 | Queue | Unit 2550 |
| 13:33 | Build | Watch Tower |
| 13:39 | Queue | Unit 2550 |
| 13:49 | Queue | Villager (Male) |
| 13:51 | Queue | Villager (Male) |
| 13:53 | Build | Farm |
| 14:11 | Build | Farm |
| 14:12 | Build | Farm |
| 14:12 | Build | Farm |
| 14:12 | Build | Farm |
| 14:24 | Queue | Villager (Male) |
| 14:26 | Build | Farm |
| 14:55 | Queue | Villager (Male) |
| 14:57 | Build | Farm |
| 15:05 | Queue | Villager (Male) |
| 15:09 | Build | Archery Range |
| 15:14 | Build | Farm |
| 15:21 | Build | Blacksmith |
| 15:24 | Queue | Unit 2550 |
| 15:32 | Build | House |
| 15:33 | Build | Palisade Wall |
| 15:38 | Build | Farm |
| 15:44 | Queue | Villager (Male) |
| 15:48 | Build | Farm |
| 15:50 | Build | Palisade Wall |
| 15:53 | Queue | Villager (Male) |
| 16:01 | Build | Farm |
| 16:11 | Queue | Unit 2550 |
| 16:29 | Build | Farm |
| 16:31 | Build | Farm |
| 16:33 | Queue | Unit 2550 |
| 16:38 | Research | Scale Mail Armor |
| 16:38 | Research | Scale Mail Armor |
| 16:47 | Build | Farm |
| 16:54 | Build | Farm |
| 16:54 | Build | Farm |
| 16:55 | Queue | Villager (Male) |
| 17:02 | Build | Farm |
| 17:09 | Queue | Unit 2550 |
| 17:11 | Queue | Villager (Male) |
| 17:35 | Queue | Villager (Male) |
| 17:36 | Build | Farm |
| 17:38 | Queue | Unit 2550 |
| 17:41 | Build | Farm |
| 17:45 | Research | Horse Collar |
| 17:45 | Research | Horse Collar |
| 17:46 | Queue | Unit 2550 |
| 18:06 | Queue | Villager (Male) |
| 18:07 | Build | Farm |
| 18:08 | Queue | Villager (Male) |
| 18:18 | Queue | Unit 2550 |
| 18:22 | Build | Watch Tower |
| 18:29 | Queue | Unit 2550 |
| 18:37 | Queue | Villager (Male) |
| 18:49 | Build | Farm |
| 18:50 | Queue | Villager (Male) |
| 19:08 | Queue | Unit 2550 |
| 19:17 | Queue | Unit 2550 |
| 19:26 | Queue | Unit 2550 |
| 19:34 | Queue | Villager (Male) |
| 19:35 | Queue | Unit 2550 |
| 19:35 | Queue | Unit 2550 |
| 19:55 | Queue | Unit 2550 |
| 20:02 | Queue | Unit 2550 |
| 20:12 | Queue | Villager (Male) |
| 20:19 | Queue | Villager (Male) |
| 20:23 | Build | Farm |
| 20:23 | Build | Farm |
| 20:23 | Build | Farm |
| 20:34 | Build | Market |
| 20:49 | Build | Farm |
| 20:59 | Queue | Villager (Male) |
| 21:12 | Build | Farm |
| 21:55 | Research | Castle Age |
| 22:04 | Queue | Spearman |
| 22:06 | Build | Barracks |
| 22:17 | Research | Forging |
| 22:20 | Build | Farm |
| 22:24 | Research | Gold Mining |
| 22:33 | Queue | Spearman |
| 22:33 | Queue | Spearman |
| 22:47 | Build | House |
| 22:49 | Build | House |
| 22:51 | Build | Palisade Wall |
| 22:55 | Queue | Villager (Male) |
| 22:57 | Build | Farm |
Build order — NOC | Mati
First 150 of 444 actions detected
| 0:01 | Queue | Villager (Male) ×4 |
| 1:26 | Queue | Villager (Male) |
| 1:26 | Queue | Villager (Male) |
| 1:45 | Build | Lumber Camp |
| 2:02 | Queue | Villager (Male) |
| 2:19 | Queue | Villager (Male) |
| 2:55 | Queue | Villager (Male) |
| 3:09 | Queue | Villager (Male) |
| 3:38 | Queue | Villager (Male) |
| 3:39 | Build | Mill |
| 4:00 | Queue | Villager (Male) |
| 4:17 | Queue | Villager (Male) |
| 4:32 | Queue | Villager (Male) |
| 4:50 | Build | Palisade Wall |
| 5:10 | Queue | Villager (Male) |
| 5:16 | Build | Palisade Wall |
| 5:19 | Build | Palisade Wall |
| 5:20 | Build | Palisade Wall |
| 5:21 | Build | Palisade Wall |
| 5:23 | Queue | Villager (Male) |
| 5:51 | Queue | Villager (Male) |
| 6:17 | Queue | Villager (Male) |
| 6:20 | Queue | Villager (Male) |
| 6:30 | Research | Loom |
| 7:11 | Build | Barracks |
| 7:26 | Build | Barracks |
| 7:57 | Research | Feudal Age |
| 8:26 | Queue | Militia |
| 8:37 | Queue | Militia |
| 9:00 | Build | Mining Camp |
| 9:01 | Queue | Militia |
| 9:03 | Queue | Villager (Male) |
| 10:07 | Age | Feudal Age |
| 10:17 | Build | Archery Range |
| 10:23 | Research | Man-at-Arms (upgrade) |
| 10:33 | Queue | Villager (Male) |
| 10:38 | Build | Farm |
| 10:39 | Build | Farm |
| 10:49 | Queue | Villager (Male) |
| 10:56 | Queue | Villager (Male) |
| 11:00 | Queue | Villager (Male) |
| 11:01 | Queue | Skirmisher |
| 11:05 | Queue | Skirmisher |
| 11:16 | Build | Farm |
| 11:17 | Build | Farm |
| 11:36 | Queue | Villager (Male) |
| 11:36 | Queue | Skirmisher |
| 12:02 | Build | Blacksmith |
| 12:14 | Queue | Militia |
| 12:29 | Queue | Militia |
| 12:35 | Build | Farm |
| 12:40 | Queue | Villager (Male) |
| 12:48 | Build | Farm |
| 12:54 | Queue | Villager (Male) |
| 12:55 | Queue | Militia |
| 13:05 | Queue | Skirmisher |
| 13:07 | Queue | Militia |
| 13:27 | Build | Farm |
| 13:27 | Queue | Villager (Male) |
| 13:36 | Queue | Villager (Male) |
| 14:01 | Queue | Militia |
| 14:03 | Build | Farm |
| 14:04 | Build | Farm |
| 14:13 | Build | Farm |
| 14:13 | Queue | Villager (Male) |
| 14:23 | Queue | Militia |
| 14:35 | Build | Farm |
| 14:57 | Queue | Militia |
| 14:57 | Queue | Skirmisher |
| 14:58 | Queue | Villager (Male) |
| 15:05 | Queue | Skirmisher |
| 15:20 | Queue | Villager (Male) |
| 15:22 | Build | Farm |
| 15:29 | Queue | Militia |
| 15:41 | Queue | Skirmisher |
| 15:42 | Queue | Villager (Male) |
| 15:44 | Build | Farm |
| 15:52 | Build | Farm |
| 15:58 | Queue | Villager (Male) |
| 16:19 | Build | Lumber Camp |
| 16:20 | Queue | Villager (Male) |
| 16:45 | Queue | Villager (Male) |
| 16:49 | Build | Farm |
| 16:52 | Build | Farm |
| 17:04 | Queue | Villager (Male) |
| 17:38 | Build | Farm |
| 17:38 | Build | Farm |
| 18:18 | Build | Stable |
| 18:32 | Research | Castle Age |
| 18:49 | Build | Palisade Wall |
| 18:50 | Build | Palisade Wall |
| 18:51 | Build | Palisade Wall |
| 19:34 | Build | Farm |
| 19:53 | Queue | Villager (Male) |
| 20:03 | Queue | Villager (Male) |
| 20:39 | Build | Palisade Gate |
| 20:55 | Research | Double-Bit Axe |
| 20:55 | Research | Double-Bit Axe |
| 20:56 | Research | Horse Collar |
| 21:12 | Age | Castle Age |
| 21:12 | Queue | Villager (Male) |
| 21:13 | Queue | Knight |
| 21:13 | Queue | Knight |
| 21:15 | Build | Palisade Gate |
| 21:17 | Build | Palisade Wall |
| 21:18 | Build | Palisade Wall |
| 21:19 | Build | Palisade Wall |
| 21:24 | Build | Palisade Wall |
| 21:25 | Build | Palisade Wall |
| 21:26 | Build | Palisade Wall |
| 21:27 | Build | Palisade Wall |
| 21:28 | Build | Palisade Wall |
| 21:33 | Build | Palisade Wall |
| 21:36 | Build | Palisade Wall |
| 21:40 | Build | Palisade Wall |
| 21:51 | Build | Palisade Gate |
| 21:58 | Queue | Knight |
| 21:59 | Queue | Villager (Male) |
| 21:59 | Queue | Villager (Male) |
| 22:22 | Research | Scale Barding Armor |
| 22:25 | Build | Farm |
| 22:26 | Build | Farm |
| 22:31 | Build | Town Center |
| 22:44 | Queue | Knight |
| 22:46 | Build | Monastery |
| 23:03 | Queue | Cavalry Archer |
| 23:07 | Research | Husbandry |
| 23:09 | Queue | Villager (Male) |
| 23:19 | Queue | Villager (Male) |
| 23:25 | Build | Town Center |
| 23:32 | Queue | Monk |
| 23:43 | Queue | Villager (Male) |
| 24:02 | Queue | Villager (Male) |
| 24:05 | Queue | Cavalry Archer |
| 24:09 | Research | Fletching |
| 24:18 | Queue | Villager (Male) |
| 24:20 | Queue | Villager (Male) |
| 24:30 | Queue | Villager (Male) |
| 24:34 | Build | Farm |
| 24:34 | Build | Farm |
| 24:35 | Build | Farm |
| 24:45 | Queue | Villager (Male) |
| 24:45 | Queue | Cavalry Archer |
| 25:01 | Queue | Cavalry Archer |
| 25:04 | Build | Archery Range |
| 25:11 | Queue | Villager (Male) |
| 25:18 | Research | Town Watch |
| 25:21 | Queue | Cavalry Archer |
| 25:25 | Queue | Knight |
| 25:29 | Build | Farm |
Match timeline
| 0:09 | Lina · first_building Barracks |
| 4:50 | NOC | Mati · wall_segment Palisade Wall x1 |
| 5:16 | NOC | Mati · wall_segment Palisade Wall x1 |
| 5:19 | NOC | Mati · wall_segment Palisade Wall x1 |
| 5:20 | NOC | Mati · wall_segment Palisade Wall x1 |
| 5:21 | NOC | Mati · wall_segment Palisade Wall x1 |
| 7:11 | NOC | Mati · first_building Barracks |
| 9:44 | Lina · wall_segment Palisade Wall x1 |
| 9:46 | Lina · wall_segment Palisade Wall x1 |
| 10:07 | NOC | Mati · age_up feudal |
| 10:17 | NOC | Mati · first_building Archery Range |
| 10:34 | Lina · age_up feudal |
| 15:09 | Lina · first_building Archery Range |
| 15:33 | Lina · wall_segment Palisade Wall x1 |
| 15:50 | Lina · wall_segment Palisade Wall x1 |
| 18:18 | NOC | Mati · first_building Stable |
| 18:49 | NOC | Mati · wall_segment Palisade Wall x6 |
| 18:50 | NOC | Mati · wall_segment Palisade Wall x1 |
| 18:51 | NOC | Mati · wall_segment Palisade Wall x1 |
| 21:12 | NOC | Mati · age_up castle |
| 21:17 | NOC | Mati · wall_segment Palisade Wall x1 |
| 21:18 | NOC | Mati · wall_segment Palisade Wall x1 |
| 21:19 | NOC | Mati · wall_segment Palisade Wall x1 |
| 21:24 | NOC | Mati · wall_segment Palisade Wall x1 |
| 21:25 | NOC | Mati · wall_segment Palisade Wall x1 |
| 21:26 | NOC | Mati · wall_segment Palisade Wall x1 |
| 21:27 | NOC | Mati · wall_segment Palisade Wall x1 |
| 21:28 | NOC | Mati · wall_segment Palisade Wall x1 |
| 21:30 | Lina · first_market_buy 100 food |
| 21:33 | NOC | Mati · wall_segment Palisade Wall x1 |
| 21:36 | NOC | Mati · wall_segment Palisade Wall x1 |
| 21:40 | NOC | Mati · wall_segment Palisade Wall x1 |
| 21:54 | Lina · first_market_sell 100 wood |
| 22:46 | NOC | Mati · first_building Monastery |
| 22:51 | Lina · wall_segment Palisade Wall x1 |
| 24:35 | Lina · age_up castle |
| 26:32 | NOC | Mati · wall_segment Palisade Wall x1 |
| 26:33 | NOC | Mati · wall_segment Palisade Wall x1 |
| 26:35 | NOC | Mati · wall_segment Palisade Wall x1 |
| 27:39 | NOC | Mati · wall_segment Palisade Wall x1 |
| 28:35 | Lina · first_building Monastery |
| 30:01 | Lina · wall_segment Palisade Wall x1 |
| 30:04 | Lina · wall_segment Palisade Wall x1 |
| 30:49 | Lina · wall_segment Palisade Wall x1 |
| 31:55 | Lina · first_building Castle |
| 33:32 | Lina · age_up imperial |
| 37:17 | NOC | Mati · wall_segment Stone Wall x1 |
| 37:20 | NOC | Mati · wall_segment Stone Wall x1 |
| 37:50 | NOC | Mati · age_up imperial |
| 38:44 | NOC | Mati · first_building Castle |
| 40:17 | NOC | Mati · wall_segment Palisade Wall x1 |
| 41:28 | Lina · wall_segment Stone Wall x11 |
| 42:17 | NOC | Mati · wall_segment Stone Wall x1 |
| 42:18 | NOC | Mati · wall_segment Stone Wall x1 |
| 42:19 | NOC | Mati · wall_segment Stone Wall x1 |
| 42:23 | NOC | Mati · wall_segment Stone Wall x1 |
| 42:51 | NOC | Mati · wall_segment Stone Wall x1 |
| 42:53 | NOC | Mati · wall_segment Stone Wall x1 |
| 43:03 | NOC | Mati · wall_segment Stone Wall x1 |
| 43:50 | NOC | Mati · wall_segment Stone Wall x7 |
| 46:05 | NOC | Mati · resign |
[ AI ANALYSIS · 1 CREDIT ]
What really happened in this match?
Wolo.gg analyzes every decision: build order, eco, micro, common mistakes by bracket. Personalized analysis on WhatsApp or Discord in 30 seconds.
Civ guide
Tupi
Perfil
Jugador #299269